TOP OF THE 1ST |
Portsmouth Surprise batting - Pitching for Midgar Shinra : LHP Cornell Martin
|
Pitching: LHP Cornell Martin
|
|
Batting: LHB Yu-zhang Tann
|
0-0: Foul Ball, location: 25F 0-1: Ground out U3 (Groundball, 34S, EV 77.5 MPH)
|
Batting: RHB Kyung-ryul Kim
|
0-0: Called Strike 0-1: Called Strike 0-2: Strikes out swinging
|
Batting: LHB Dusty Williams
|
0-0: Called Strike 0-1: Ball 1-1: Foul Ball, location: 25F 1-2: Ground out 3-1 (Groundball, 13, EV 83.1 MPH)
|
Top of the 1st over - 0 runs, 0 hits, 0 errors, 0 left on base; Portsmouth 0 - Midgar 0 |
BOTTOM OF THE 1ST |
Midgar Shinra batting - Pitching for Portsmouth Surprise : RHP Jung-hwan Kim
|
Pitching: RHP Jung-hwan Kim
|
|
Batting: SHB José Alvarrado
|
0-0: Ball 1-0: Called Strike 1-1: Swinging Strike 1-2: Strikes out looking
|
Batting: LHB Darren Shepherd
|
0-0: Ball 1-0: Ball 2-0: Fly out, F8 (Flyball, 8LD, EV 85.0 MPH)
|
Batting: RHB Shimpei Ikeda
|
0-0: Ball 1-0: Ball 2-0: Ball 3-0: Base on Balls
|
Batting: RHB John Smith
|
0-0: Called Strike 0-1: Ball 1-1: DOUBLE (Flyball, 78D, EV 95.6 MPH) Shimpei Ikeda to third
|
Batting: RHB Tsugiharu Sato
|
0-0: Ball 1-0: Fly out, F7 (Flyball, 78M, EV 72.5 MPH)
|
Bottom of the 1st over - 0 runs, 1 hit, 0 errors, 2 left on base; Portsmouth 0 - Midgar 0 |
TOP OF THE 2ND |
Portsmouth Surprise batting - Pitching for Midgar Shinra : LHP Cornell Martin
|
Batting: SHB Roy Andrews
|
0-0: Hit by Pitch
|
Batting: RHB Chris Smith
|
0-0: Ball Roy Andrews steals 2nd base 1-0: Swinging Strike 1-1: Swinging Strike 1-2: Foul Ball, location: 2F 1-2: Ball 2-2: Ball 3-2: Foul Ball, location: 3FF 3-2: Strikes out swinging
|
Batting: RHB António Torres
|
0-0: Called Strike 0-1: Ball 1-1: Ball 2-1: Ball 3-1: SINGLE (Groundball, 34D, EV 101.3 MPH) Roy Andrews to third
|
Batting: LHB Shinsui Nakayama
|
0-0: Ball 1-0: Called Strike 1-1: Foul Ball, location: 2F 1-2: Ball 2-2: Ball 3-2: SINGLE (Groundball, 4MD, EV 94.4 MPH) Roy Andrews scores António Torres to second
|
Batting: LHB Yin-ti Chuko
|
0-0: Swinging Strike 0-1: Foul Ball, location: 2F 0-2: Ball 1-2: Foul Ball, location: 2F 1-2: Strikes out swinging
|
Batting: RHB Bob Guy
|
0-0: Ball 1-0: Swinging Strike 1-1: Swinging Strike 1-2: Strikes out swinging
|
Top of the 2nd over - 1 run, 2 hits, 0 errors, 2 left on base; Portsmouth 1 - Midgar 0 |
BOTTOM OF THE 2ND |
Midgar Shinra batting - Pitching for Portsmouth Surprise : RHP Jung-hwan Kim
|
Batting: SHB Arturo González
|
0-0: Called Strike 0-1: Called Strike 0-2: Ball 1-2: Strikes out swinging
|
Batting: RHB Fernando Muñóz
|
0-0: Swinging Strike 0-1: Ball 1-1: Foul Ball, location: 2F 1-2: SINGLE (Groundball, 6MD, EV 106.3 MPH)
|
Batting: RHB Raúl Ibarra
|
0-0: Ball 1-0: Bunted foul 1-1: Sac Bunt to 15S - play at first, batter safe! Fernando Muñóz to second
|
Batting: RHB Rick Wise
|
0-0: Ball 1-0: Called Strike 1-1: Ball 2-1: Called Strike 2-2: Strikes out looking
|
Batting: SHB José Alvarrado
|
0-0: Ball 1-0: Called Strike 1-1: Swinging Strike 1-2: Strikes out swinging
|
Bottom of the 2nd over - 0 runs, 2 hits, 0 errors, 2 left on base; Portsmouth 1 - Midgar 0 |
TOP OF THE 3RD |
Portsmouth Surprise batting - Pitching for Midgar Shinra : LHP Cornell Martin
|
Batting: LHB Yu-zhang Tann
|
0-0: Foul Ball, location: 5DF 0-1: Swinging Strike 0-2: Ball 1-2: Foul Ball, location: 9LDF 1-2: Ball 2-2: Strikes out swinging
|
Batting: RHB Kyung-ryul Kim
|
0-0: Ball 1-0: Called Strike 1-1: Foul Ball, location: 2F 1-2: Ball 2-2: Foul Ball, location: 23FF 2-2: Ball 3-2: Strikes out swinging
|
Batting: LHB Dusty Williams
|
0-0: Ball 1-0: Ball 2-0: Ground out 6-3 (Groundball, 6M, EV 86.3 MPH)
|
Top of the 3rd over - 0 runs, 0 hits, 0 errors, 0 left on base; Portsmouth 1 - Midgar 0 |
BOTTOM OF THE 3RD |
Midgar Shinra batting - Pitching for Portsmouth Surprise : RHP Jung-hwan Kim
|
Batting: LHB Darren Shepherd
|
0-0: Ball 1-0: Swinging Strike 1-1: Foul Ball, location: 7LSF 1-2: Ball 2-2: Strikes out swinging
|
Batting: RHB Shimpei Ikeda
|
0-0: Foul Ball, location: 5FF 0-1: Ball 1-1: Fly out, F8 (Flyball, 89M, EV 92.5 MPH)
|
Batting: RHB John Smith
|
0-0: SINGLE (Line Drive, 89S, EV 103.1 MPH)
|
Batting: RHB Tsugiharu Sato
|
0-0: Called Strike 0-1: Ball 1-1: Called Strike 1-2: Fly out, F8 (Flyball, 8RS, EV 81.9 MPH)
|
Bottom of the 3rd over - 0 runs, 1 hit, 0 errors, 1 left on base; Portsmouth 1 - Midgar 0 |
TOP OF THE 4TH |
Portsmouth Surprise batting - Pitching for Midgar Shinra : LHP Cornell Martin
|
Batting: SHB Roy Andrews
|
0-0: Ball 1-0: Ball 2-0: Ground out 6-3 (Groundball, 56, EV 110.0 MPH)
|
Batting: RHB Chris Smith
|
0-0: Foul Ball, location: 25F 0-1: Swinging Strike 0-2: Strikes out swinging
|
Batting: RHB António Torres
|
0-0: Called Strike 0-1: Called Strike 0-2: Fly out, F9 (Flyball, 9LS, EV 94.4 MPH)
|
Top of the 4th over - 0 runs, 0 hits, 0 errors, 0 left on base; Portsmouth 1 - Midgar 0 |
BOTTOM OF THE 4TH |
Midgar Shinra batting - Pitching for Portsmouth Surprise : RHP Jung-hwan Kim
|
Batting: SHB Arturo González
|
0-0: Called Strike 0-1: Ball 1-1: Foul Ball, location: 23F 1-2: Ball 2-2: Strikes out swinging
|
Batting: RHB Fernando Muñóz
|
0-0: Ball 1-0: Called Strike 1-1: Swinging Strike 1-2: Ball 2-2: Ground out U3 (Groundball, 13, EV 80.6 MPH)
|
Batting: RHB Raúl Ibarra
|
0-0: Called Strike 0-1: Foul Ball, location: 9LDF 0-2: Ground out 5-3 (Groundball, 56, EV 91.9 MPH)
|
Bottom of the 4th over - 0 runs, 0 hits, 0 errors, 0 left on base; Portsmouth 1 - Midgar 0 |
TOP OF THE 5TH |
Portsmouth Surprise batting - Pitching for Midgar Shinra : LHP Cornell Martin
|
Batting: LHB Shinsui Nakayama
|
0-0: SINGLE (Flyball, 6D, EV 89.4 MPH)
|
Batting: LHB Yin-ti Chuko
|
0-0: Foul Ball, location: 3F 0-1: Fly out, F7 (Line Drive, 7S, EV 110.0 MPH)
|
Batting: RHB Bob Guy
|
0-0: Called Strike 0-1: Ground out 6-3 (Groundball, P, EV 79.4 MPH) Shinsui Nakayama to second
|
Batting: LHB Yu-zhang Tann
|
0-0: Called Strike 0-1: Called Strike 0-2: Ground out 6-3 (Groundball, 6M, EV 102.5 MPH)
|
Top of the 5th over - 0 runs, 1 hit, 0 errors, 1 left on base; Portsmouth 1 - Midgar 0 |
BOTTOM OF THE 5TH |
Midgar Shinra batting - Pitching for Portsmouth Surprise : RHP Jung-hwan Kim
|
Batting: RHB Rick Wise
|
0-0: Ball 1-0: Ball 2-0: SINGLE (Line Drive, 6D, EV 103.1 MPH)
|
Batting: SHB José Alvarrado
|
0-0: Called Strike 0-1: SINGLE (Line Drive, 89M, EV 103.1 MPH) Rick Wise to second
|
Batting: LHB Darren Shepherd
|
0-0: Called Strike 0-1: Ball 1-1: Fly out, F9 (Flyball, 9, EV 97.5 MPH)
|
Batting: RHB Shimpei Ikeda
|
0-0: Called Strike 0-1: Swinging Strike 0-2: Ball 1-2: Foul Ball, location: 5F 1-2: Strikes out swinging
|
Batting: RHB John Smith
|
0-0: Foul Ball, location: 5F 0-1: SINGLE (Groundball, 56D, EV 110.6 MPH) Rick Wise to third José Alvarrado to second
|
Batting: RHB Tsugiharu Sato
|
0-0: Called Strike 0-1: Ball 1-1: Ball 2-1: Foul Ball, location: 7LDF 2-2: Fly out, F8 (Flyball, 8RD, EV 74.4 MPH)
|
Bottom of the 5th over - 0 runs, 3 hits, 0 errors, 3 left on base; Portsmouth 1 - Midgar 0 |
TOP OF THE 6TH |
Portsmouth Surprise batting - Pitching for Midgar Shinra : LHP Cornell Martin
|
Batting: RHB Kyung-ryul Kim
|
0-0: Ball 1-0: Fly out, F7 (Line Drive, 7, EV 98.1 MPH)
|
Batting: LHB Dusty Williams
|
0-0: Fly out, F5 (Popup, 5SF, EV 88.1 MPH)
|
Batting: SHB Roy Andrews
|
0-0: Called Strike 0-1: Called Strike 0-2: Ball 1-2: Ball 2-2: Ball 3-2: Fly out, F5 (Line Drive, 5, EV 70.6 MPH)
|
Top of the 6th over - 0 runs, 0 hits, 0 errors, 0 left on base; Portsmouth 1 - Midgar 0 |
BOTTOM OF THE 6TH |
Midgar Shinra batting - Pitching for Portsmouth Surprise : RHP Jung-hwan Kim
|
Batting: SHB Arturo González
|
0-0: Ball 1-0: Foul Ball, location: 5F 1-1: Foul Ball, location: 2F 1-2: SINGLE (Groundball, 4MD, EV 110.0 MPH)
|
Batting: RHB Fernando Muñóz
|
0-0: Ball 1-0: Bunted foul 1-1: Ball 2-1: Bunted foul 2-2: Ball 3-2: Foul Ball, location: 2F 3-2: Base on Balls Arturo González to second
|
Batting: RHB Raúl Ibarra
|
0-0: Ball 1-0: Foul Ball, location: 3F 1-1: Fly out, F3 (Popup, 34, EV 66.9 MPH)
|
Batting: RHB Rick Wise
|
0-0: Ball 1-0: Called Strike 1-1: Ball 2-1: Grounds into double play, 5-4-3 (Groundball, 56, EV 106.9 MPH)
|
Bottom of the 6th over - 0 runs, 1 hit, 0 errors, 1 left on base; Portsmouth 1 - Midgar 0 |
TOP OF THE 7TH |
Portsmouth Surprise batting - Pitching for Midgar Shinra : LHP Cornell Martin
|
Pitching: LHP Craig Jones
|
|
Batting: RHB Chris Smith
|
0-0: Ball 1-0: SINGLE (Groundball, 4M, EV 86.9 MPH)
|
Batting: RHB António Torres
|
0-0: Ball 1-0: Ball 2-0: Foul Ball, location: 2F 2-1: Fly out, F3 (Line Drive, 3L, EV 77.5 MPH) Lined into DP, U3 (Line Drive, 3L, EV 77.5 MPH)
|
Batting: LHB Shinsui Nakayama
|
0-0: Ball 1-0: Called Strike 1-1: Ball 2-1: Ball 3-1: Fly out, F9 (Flyball, 89M, EV 93.8 MPH)
|
Top of the 7th over - 0 runs, 1 hit, 0 errors, 0 left on base; Portsmouth 1 - Midgar 0 |
BOTTOM OF THE 7TH |
Midgar Shinra batting - Pitching for Portsmouth Surprise : RHP Jung-hwan Kim
|
Batting: SHB José Alvarrado
|
0-0: Ball 1-0: Swinging Strike 1-1: Foul Ball, location: 2F 1-2: Ball 2-2: Strikes out swinging
|
Pinch Hitting: RHB Aaron MacMurdoch
|
0-0: Called Strike 0-1: Called Strike 0-2: Ball 1-2: Strikes out swinging
|
Batting: RHB Shimpei Ikeda
|
0-0: Ball 1-0: Ground out 6-3 (Groundball, 6, EV 79.4 MPH)
|
Bottom of the 7th over - 0 runs, 0 hits, 0 errors, 0 left on base; Portsmouth 1 - Midgar 0 |
TOP OF THE 8TH |
Portsmouth Surprise batting - Pitching for Midgar Shinra : LHP Craig Jones
|
Now in RF: Joe Greene
|
|
Batting: LHB Yin-ti Chuko
|
0-0: Ball 1-0: Swinging Strike 1-1: Ball 2-1: Ball 3-1: Foul Ball, location: 5DF 3-2: Base on Balls
|
Batting: RHB Bob Guy
|
|
DELAY
|
Rain delay of 16 minutes in the 8th inning. 0-0: Ball Yin-ti Chuko steals 2nd base 1-0: Called Strike 1-1: Ball 2-1: SINGLE (Line Drive, 56D, EV 103.8 MPH) Yin-ti Chuko to third
|
Pinch Hitting: RHB Miguel Ramos
|
0-0: Foul Ball, location: 2F 0-1: Foul Ball, location: 5FF 0-2: Strikes out looking
|
Batting: RHB Kyung-ryul Kim
|
0-0: Ball 1-0: Foul Ball, location: 2F 1-1: Grounds into double play, 6-4-3 (Groundball, 6, EV 85.0 MPH)
|
Top of the 8th over - 0 runs, 1 hit, 0 errors, 1 left on base; Portsmouth 1 - Midgar 0 |
BOTTOM OF THE 8TH |
Midgar Shinra batting - Pitching for Portsmouth Surprise : RHP Jung-hwan Kim
|
Now in CF: Joe Owens
|
|
Pinch Hitting: LHB Jesús Contreras
|
0-0: Ball 1-0: Called Strike 1-1: Ball 2-1: Fly out, F5 (Line Drive, 5L, EV 69.4 MPH)
|
Pitching: LHP Shi-yu Fan
|
|
Pinch Hitting: RHB John Newman
|
0-0: Called Strike 0-1: Swinging Strike 0-2: Strikes out swinging
|
Pinch Hitting: RHB Rodrigo Nieves
|
0-0: Called Strike 0-1: Foul Ball, location: 9LDF 0-2: Strikes out swinging
|
Bottom of the 8th over - 0 runs, 0 hits, 0 errors, 0 left on base; Portsmouth 1 - Midgar 0 |
TOP OF THE 9TH |
Portsmouth Surprise batting - Pitching for Midgar Shinra : LHP Craig Jones
|
Pitching: RHP Brian Jordan
|
|
Now at 1B: Paul González
|
|
Now at SS: Rodrigo Nieves
|
|
Now in LF: Jesús Contreras
|
|
Now in CF: José Alvarrado
|
|
Batting: LHB Dusty Williams
|
0-0: Called Strike 0-1: Swinging Strike 0-2: Ball 1-2: Strikes out swinging
|
Batting: SHB Roy Andrews
|
0-0: Called Strike 0-1: Foul Ball, location: 25F 0-2: Strikes out swinging
|
Batting: RHB Chris Smith
|
0-0: Ball 1-0: Foul Ball, location: 3FF 1-1: Fly out, F8 (Flyball, 89M, EV 81.3 MPH)
|
Top of the 9th over - 0 runs, 0 hits, 0 errors, 0 left on base; Portsmouth 1 - Midgar 0 |
BOTTOM OF THE 9TH |
Midgar Shinra batting - Pitching for Portsmouth Surprise : LHP Shi-yu Fan
|
Pitching: RHP Ramón Costa
|
|
Now in LF: John Horton
|
|
Now in RF: Roy Andrews
|
|
Pinch Hitting: SHB Ramón Martínez
|
0-0: Called Strike 0-1: Fly out, F6 (Popup, 6, EV 60.0 MPH)
|
Batting: LHB Andrés López
|
0-0: Ball 1-0: Called Strike 1-1: Called Strike 1-2: Foul Ball, location: 7LSFF 1-2: Ball 2-2: Ball 3-2: Strikes out swinging
|
Pinch Hitting: RHB Daniel Pérez
|
0-0: Called Strike 0-1: Ball 1-1: Swinging Strike 1-2: Strikes out swinging
|
Bottom of the 9th over - 0 runs, 0 hits, 0 errors, 0 left on base; Portsmouth 1 - Midgar 0 |
|